 Dungeon Crawl Stone Soup version 0.17-a0-977-g4154171 (webtiles) character file.

65 boffreak the Cudgeler (level 4, -4/42 HPs)
             Began as a Naga Fighter on May 10, 2015.
             Slain by Blork the orc
             ... wielding a +0 scimitar
              (5 damage)
             ... on level 4 of the Dungeon.
             The game lasted 00:01:51 (2375 turns).

boffreak the Cudgeler (Naga Fighter)                Turns: 2375, Time: 00:01:52

Health: -4/42      AC:  5    Str: 19    XL:     4   Next: 14%
Magic:  4/4        EV:  5    Int:  9    God:
Gold:   83         SH:  8    Dex: 10    Spells: 0 memorised, 3 levels left

rFire  . . .     SeeInvis +     a - +0 flail
rCold  . . .     Clarity  .     b - +0 scale mail
rNeg   . . .     SustAb   .     c - +0 shield
rPois  +         Gourm    .     (no helmet)
rElec  .         Spirit   .     (no cloak)
rCorr  .         Warding  .     (no gloves)
rMut   +         Stasis   .     (no barding)
MR     .....                    f - amulet of resist mutation
Stlth  ..........               (no ring)
                                (no ring)

@: very slow, not resistant to hostile enchantments, extremely unstealthy
A: see invisible, deformed body, poison resistance, slowness 2, slow metabolism
1, spit poison 2, AC +1
a: Spit Poison


You were on level 4 of the Dungeon.
You were hungry.

You visited 1 branch of the dungeon, and saw 4 of its levels.

You collected 83 gold pieces.

Inventory:

Hand weapons
 a - a +0 flail (weapon)
Armour
 b - a +0 scale mail (worn)
 c - a +0 shield (worn)
Jewellery
 f - an amulet of resist mutation (around neck)
Scrolls
 g - a scroll of amnesia {unknown}
 h - a scroll of remove curse {unknown}
 j - 6 scrolls of identify {unknown}
 k - 3 scrolls of fog {unknown}
 m - a scroll of noise {unknown}
 n - 2 scrolls of immolation {unknown}
 q - a scroll of blinking {unknown}
 r - 2 scrolls of teleportation {unknown}
Potions
 d - a potion of might
 l - a potion of magic {unknown}
 o - a potion of lignification {unknown}
 p - a potion of curing {unknown}
 s - a potion of flight {unknown}
 u - a potion of haste {unknown}
Comestibles
 e - 2 bread rations
 i - 2 meat rations
 t - a slice of pizza


   Skills:
 - Level 3.0 Fighting
 * Level 3.5 Maces & Flails
 + Level 3.0 Armour
 + Level 0.0 Dodging
 - Level 2.5 Shields


You had 3 spell levels left.
You didn't know any spells.

Dungeon Overview and Level Annotations

Branches:
Dungeon (4/15)
 Temple: D:4-7

Altars:

Annotations:
D:4 Blork the orc


Innate Abilities, Weirdness & Mutations

You cannot wear boots.
Your serpentine skin is tough (AC +1).
You have supernaturally acute eyesight.
Armour fits poorly on your strangely shaped body.
Your system is resistant to poisons.
You cover ground very slowly.
You have a slow metabolism.
You can spit poison.


Message History

You take 1 damage, and have 25/42 hp.
You closely miss Blork the orc. Blork the orc hits you with a scimitar!
* * * LOW HITPOINT WARNING * * *
You take 10 damage, and have 15/42 hp.
MASSIVE DAMAGE!!
You closely miss Blork the orc.
Blork the orc points at you and mumbles some strange words.
The puff of flame hits you!
* * * LOW HITPOINT WARNING * * *
Blork the orc hits you with a scimitar!
* * * LOW HITPOINT WARNING * * *
You take 14 damage, and have 1/42 hp.
MASSIVE DAMAGE!!
You are too injured to fight recklessly!
You are too injured to fight recklessly!
You are too injured to fight recklessly!
You are too injured to fight recklessly!
Drink which item? (? for menu, Esc to quit)
Okay, then.
You sock Blork the orc! You block Blork the orc's attack.
Blork the orc hits you with a scimitar.
You die...

#.....# #.....#
##.....## ?......#
#......# . #......#
... +...>..#
....#..@o..#
..........#.#
..........#
.##..##...#####
#............#
......#...###.###.#
.###..#......<....#
#.....#######..#
###...# .#


You could see Blork the orc.

Vanquished Creatures
  2 adders
  An ooze (D:2)
  A worm (D:3)
  3 giant geckos
  5 bats
  9 goblins
  6 hobgoblins
  A kobold (D:3)
  A quokka (D:3)
  A ball python (D:3)
  3 giant cockroaches
  2 giant newts
  5 rats
40 creatures vanquished.

Notes
Turn   | Place    | Note
--------------------------------------------------------------
     0 | D:1      | boffreak, the Naga Fighter, began the quest for the Orb.
     0 | D:1      | Reached XP level 1. HP: 21/21 MP: 1/1
   186 | D:1      | Reached XP level 2. HP: 28/28 MP: 2/2
  1228 | D:2      | Reached XP level 3. HP: 34/34 MP: 3/3
  2157 | D:3      | Reached XP level 4. HP: 38/42 MP: 4/4
  2364 | D:4      | Noticed Blork the orc
  2374 | D:4      | HP: 1/42 [Blork the orc/scimitar (7)]
  2375 | D:4      | Slain by Blork the orc

Vault maps used:
D:1:      dpeg_arrival_round_b, minmay_door_square
D:4:      corexii_shantytown, first_bread, uniq_blork_the_orc

Action                   |  1- 3 |  4- 6 || total
-------------------------+-------+-------++-------
Melee: Flail             |   118 |    16 ||   134
  Use: Potion            |     1 |       ||     1
  Eat: Chunk             |     3 |       ||     3
